[Event "*** Titled Tuesday Blitz"]
[Site "Chess.com"]
[Date "2020.05.05"]
[Round "1"]
[White "r31415"]
[Black "Evgeny81"]
[Result "1-0"]
[WhiteElo "2374"]
[BlackElo "2674"]
[TimeControl "180+1"]
[EndTime "10:04:32 PDT"]
[Termination "r31415 won by resignation"]

1. e4 e6 2. d4 d5 3. Nc3 Nf6 4. e5 Nfd7 5. f4 c5 6. Nf3 Nc6 7. Be3 Be7 8. dxc5 O-O 9. Qd2 Nxc5 10. O-O-O a6 11. Kb1 b5 12. Bxc5 Bxc5 13. Bd3 b4 14. Bxh7+ Kxh7 15. Ng5+ Kg8 16. Qd3 g6 17. Qh3 Qxg5 18.
fxg5 Nxe5 19. Ne2 Bd7 20. Nd4 Nc4 21. Qh4 a5 22. Rd3 Bxd4 23. Qxd4 Bc6 24. Qf6 1-0

[Event "*** Titled Tuesday Blitz"]
[Site "Chess.com"]
[Date "2020.05.05"]
[Round "1"]
[White "CarlssonLudvig"]
[Black "OparinGrigoriy"]
[Result "0-1"]
[WhiteElo "2458"]
[BlackElo "2934"]
[TimeControl "180+1"]
[EndTime "10:04:35 PDT"]
[Termination "OparinGrigoriy won by resignation"]

1. Nf3 Nf6 2. c4 e6 3. d4 d5 4. g3 Bb4+ 5. Bd2 Be7 6. Bg2 O-O 7. O-O c6 8. Qb3 Nbd7 9. Rc1 a5 10. Bf4 h6 11. Ne5 Re8 12. Na3 Bf8 13. Qd3 Nxe5 14. Bxe5 Nd7 15. Bf4 e5 16. dxe5 Nxe5 17. Qd4 Nxc4 18.
Nxc4 dxc4 19. Qxd8 Rxd8 20. Rxc4 Be6 21. Rc2 a4 22. a3 Bb3 23. Rc3 g5 24. Be3 Bg7 25. Bb6 Bxc3 26. Bxd8 Bxb2 27. Rb1 Rxd8 28. Rxb2 Rd1+ 29. Bf1 Ra1 30. Kg2 Rxa3 31. e3 Ra1 32. Bd3 b5 33. Be4 c5 34. Bc6 b4 0-1

[Event "*** Titled Tuesday Blitz"]
[Site "Chess.com"]
[Date "2020.05.05"]
[Round "1"]
[White "GuerrieroFromLevant"]
[Black "Rozum_Ivan"]
[Result "0-1"]
[WhiteElo "2377"]
[BlackElo "2727"]
[TimeControl "180+1"]
[EndTime "10:04:36 PDT"]
[Termination "Rozum_Ivan won by resignation"]

1. e4 d6 2. d4 Nf6 3. Nc3 e5 4. Nf3 Nbd7 5. Bc4 Be7 6. O-O O-O 7. h3 c6 8. a4 a5 9. Re1 Nb6 10.
Ba2 Nfd7 11. Be3 exd4 12. Bxd4 Nc5 13. Bxc5 dxc5 14. e5 Qxd1 15. Raxd1 Bf5 16. e6 Bxe6 17. Bxe6 fxe6 18. Rxe6 Bf6 19. Ne4 Nxa4 20. b3 Nc3 21. Nxf6+ Rxf6 22. Rxf6 gxf6 23. Rd7 b5 24. Nh4 a4 25.
bxa4 bxa4 26. Nf5 a3 27. Nh6+ Kh8 28. Nf7+ Kg7 29. Nd6+ Kg8 0-1

[Event "*** Titled Tuesday Blitz"]
[Site "Chess.com"]
[Date "2020.05.05"]
[Round "1"]
[White "Boliviar"]
[Black "1977Ivan"]
[Result "0-1"]
[WhiteElo "2317"]
[BlackElo "2643"]
[TimeControl "180+1"]
[EndTime "10:04:38 PDT"]
[Termination "1977Ivan won by resignation"]

1. e4 c5 2. Nc3 Nc6 3. g3 g6 4. Bg2 Bg7 5. d3 d6 6. Be3 Nh6 7. h3 f5 8. Qd2 Nf7 9. Nge2 Nd4 10. Nd1 O-O 11. Nf4 Ne5 12. Bxd4 cxd4 13. exf5 Bxf5 14. O-O Qd7 15. g4 Bxg4 16. hxg4 Qxg4 17. f3 Qxf4 18. Qxf4 Rxf4 19. Kf2 Rc8 20. Rc1 Nxd3+ 0-1

[Event "*** Titled Tuesday Blitz"]
[Site "Chess.com"]
[Date "2020.05.05"]
[Round "1"]
[White "A-Fier"]
[Black "ErikRonka"]
[Result "1-0"]
[WhiteElo "2788"]
[BlackElo "2407"]
[TimeControl "180+1"]
[EndTime "10:04:40 PDT"]
[Termination "A-Fier won by resignation"]

1. d4 d5 2. c4 c6 3. Nf3 Nf6 4. Nc3 e6 5. e3 Nbd7 6. Bd3 dxc4 7. Bxc4 b5 8. Bd3 Bb7 9. e4 b4 10. Na4 c5 11. e5 Nd5 12. O-O cxd4 13. Nxd4 Nxe5 14.
Bb5+ Nd7 15. Re1 Be7 16. Rxe6 O-O 17. Nc6 Bxc6 18. Rxc6 N7b6 19. Nxb6 Nxb6 20. Be3 Bf6 21. Rd6 Qc8 22. Rc1 Qf5 23. Rc5 Be5 24. f4 Qe4 25. Rxe5 1-0

[Event "*** Titled Tuesday Blitz"]
[Site "Chess.com"]
[Date "2020.05.05"]
[Round "1"]
[White "lucasmito"]
[Black "ChessWarrior7197"]
[Result "0-1"]
[WhiteElo "2438"]
[BlackElo "2849"]
[TimeControl "180+1"]
[EndTime "10:04:41 PDT"]
[Termination "ChessWarrior7197 won by resignation"]

1. e4 c5 2. Nf3 d6 3. Nc3 Nf6 4. d4 cxd4 5. Nxd4 a6 6. Be3 e5 7. Nb3 Be6 8. f3 h5 9. Qd2 Nbd7 10. O-O-O Rc8 11. Nd5 Bxd5 12. exd5 Be7 13. Kb1 Nb6 14. Bxb6 Qxb6 15. h4 Qc7 16. c4 b6 17. c5 bxc5 18.
Bxa6 Rb8 19. Qd3 O-O 20. a4 Rb4 21. Bb5 c4 22. Rc1 cxd3 23. Rxc7 Nxd5 24. Ra7 Rxb3 25. Bc4 Nc3+ 26. Ka1 Rb4 27. b3 Bf6 0-1

[Event "*** Titled Tuesday Blitz"]
[Site "Chess.com"]
[Date "2020.05.05"]
[Round "1"]
[White "FM_VS99"]
[Black "GMartin_Petrov"]
[Result "0-1"]
[WhiteElo "2275"]
[BlackElo "2602"]
[TimeControl "180+1"]
[EndTime "10:04:44 PDT"]
[Termination "GMartin_Petrov won by resignation"]

1. c4 Nf6 2. g3 c5 3. Bg2 Nc6 4. Nf3 d5 5. cxd5 Nxd5 6. d4 cxd4 7. Nxd4 Ndb4 8. Nxc6 Qxd1+ 9. Kxd1 Nxc6 10. Bxc6+ bxc6 11. Nc3 g6 12. Kc2 Bg7 13. b3 Bf5+ 14. Kb2 O-O 15.
Be3 a5 16. Rhd1 a4 17. Bd4 a3+ 18. Kc1 e5 19. Bc5 Rfe8 20. e4 Bg4 21. Rd3 f5 22. f3 fxe4 23. Nxe4 Bf5 24. Kc2 Bf8 25. Bxf8 Rxf8 26.
Re1 Ra5 27. b4 Rd5 28. Rc3 Rd4 29. Kb3 Rb8 30. Rc4 Be6 31. Nd6 Rxd6 0-1

[Event "*** Titled Tuesday Blitz"]
[Site "Chess.com"]
[Date "2020.05.05"]
[Round "1"]
[White "calin_dragomirescu"]
[Black "DrVelja"]
[Result "0-1"]
[WhiteElo "2312"]
[BlackElo "2638"]
[TimeControl "180+1"]
[EndTime "10:04:45 PDT"]
[Termination "DrVelja won by resignation"]

1. Nf3 Nf6 2. c4 g6 3. Nc3 Bg7 4. e4 e5 5. d4 exd4 6. Nxd4 O-O 7. Be3 Re8 8. f3 c6 9. Be2 d5 10. cxd5 cxd5 11. O-O dxe4 12. Bb5 Bd7 13. fxe4 Bxb5 14. Ndxb5 Nbd7 15. Nd6 Re6 16. Kh1 Qe7 17. Nxb7 Rb8 18.
Na5 Rxb2 19. Nb3 Nxe4 20. Nxe4 Rxe4 21. Bg1 Ree2 22. Re1 Qe4 23. Rxe2 Rxe2 24. Qf1 Bxa1 25. Nxa1 Re1 26. Qb5 Rxa1 27. Qxd7 Rxg1+ 0-1

[Event "*** Titled Tuesday Blitz"]
[Site "Chess.com"]
[Date "2020.05.05"]
[Round "1"]
[White "Micki-taryan"]
[Black "chessplayer9919"]
[Result "1-0"]
[WhiteElo "3078"]
[BlackElo "2470"]
[TimeControl "180+1"]
[EndTime "10:04:47 PDT"]
[Termination "Micki-taryan won by resignation"]

1. d4 Nf6 2. Nf3 e6 3. c4 b6 4. Nc3 Bb7 5. Bg5 Bb4 6. e3 h6 7.
Bh4 g5 8. Bg3 Ne4 9. Nd2 h5 10.
Ndxe4 Bxe4 11. h4 g4 12. Qb3 c5 13. a3 Ba5 14. O-O-O Bc6 15. d5 Bb7 16. Nb5 O-O 17. Nc7 exd5 18. Nxa8 Bxa8 19. cxd5 d6 20. Bd3 Nd7 21.
Bxd6 Re8 22. Bf4 Nf6 23. Bb5 Re4 24. Bc6 Bxc6 25. dxc6 Qc8 26. Rd6 Ne8 27. Rg6+ 1-0

[Event "*** Titled Tuesday Blitz"]
[Site "Chess.com"]
[Date "2020.05.05"]
[Round "1"]
[White "Misticpikachu"]
[Black "ManuDavid2910"]
[Result "0-1"]
[WhiteElo "2304"]
[BlackElo "2624"]
[TimeControl "180+1"]
[EndTime "10:04:52 PDT"]
[Termination "ManuDavid2910 won by resignation"]

1. c4 Nf6 2. Nc3 e6 3. e4 d5 4.
e5 Nfd7 5. d4 c5 6. cxd5 exd5 7.
Nf3 Nc6 8. Bb5 cxd4 9. Nxd4 Ndxe5 10. O-O Bc5 11. Nb3 Bb6 12. Nxd5 Bg4 13. Qd2 O-O 14. Nxb6 Qxb6 15. Bxc6 Qxc6 16. Qf4 f6 17. Be3 Kh8 18. Rfc1 Qb5 19. Rc5 Qe2 20. Qd4 Rad8 21.
Rd5 Rxd5 22. Qxd5 Qxb2 23. Bd4 Qc2 24. Qc5 Qxc5 25. Bxc5 Ra8 26. Rd1 Bxd1 0-1

[Event "*** Titled Tuesday Blitz"]
[Site "Chess.com"]
[Date "2020.05.05"]
[Round "1"]
[White "doons21"]
[Black "ajkom197"]
[Result "1-0"]
[WhiteElo "2615"]
[BlackElo "2293"]
[TimeControl "180+1"]
[EndTime "10:04:52 PDT"]
[Termination "doons21 won by resignation"]

1. e4 c6 2. d4 d5 3. f3 e6 4. Nc3 Nf6 5. Bf4 Bb4 6. Qd3 b6 7. Ne2 Ba6 8. Qe3 Nbd7 9. e5 Ng8 10. Bg5 Ne7 11. a3 Bxc3+ 12. Nxc3 Bxf1 13. Rxf1 h6 14. Bxe7 Qxe7 15. O-O-O b5 16. f4 g6 17. g4 a5 18. f5 b4 19. Nb1 Qg5 20. Rf4 c5 21.
dxc5 Nxc5 22. h4 Qe7 23. fxg6 fxg6 24. Rdf1 Rc8 25. axb4 axb4 26. Nd2 b3 27. Nxb3 Nxb3+ 28. Qxb3 1-0

[Event "*** Titled Tuesday Blitz"]
[Site "Chess.com"]
[Date "2020.05.05"]
[Round "1"]
[White "vinniethepooh"]
[Black "Manukyan_Artak"]
[Result "1-0"]
[WhiteElo "2677"]
[BlackElo "2344"]
[TimeControl "180+1"]
[EndTime "10:04:53 PDT"]
[Termination "vinniethepooh won by resignation"]

1. d4 c6 2. c4 d5 3. Nc3 dxc4 4. e3 e5 5. Bxc4 exd4 6. exd4 Nf6 7. Nf3 Be7 8. O-O O-O 9. h3 Nbd7 10. Bf4 Nb6 11.
Bb3 Nfd5 12. Bh2 Be6 13. Re1 Nxc3 14. bxc3 Bxb3 15. Qxb3 Bf6 16. c4 Bxd4 17. Rad1 c5 18. Nxd4 cxd4 19. c5 Nd7 20. Rxd4 Qc8 21. Bd6 Rd8 22.
Rf4 Nf6 23. Be7 Re8 24. Rxf6 gxf6 25. Qg3+ 1-0

[Event "*** Titled Tuesday Blitz"]
[Site "Chess.com"]
[Date "2020.05.05"]
[Round "1"]
[White "abubakrtagelsir"]
[Black "RaphaeI"]
[Result "1-0"]
[WhiteElo "2344"]
[BlackElo "2636"]
[TimeControl "180+1"]
[EndTime "10:04:58 PDT"]
[Termination "abubakrtagelsir won by resignation"]

1. e4 c5 2. Nc3 d6 3. f4 g6 4. Nf3 Bg7 5. Bb5+ Bd7 6. Bc4 Nc6 7. O-O Na5 8. Be2 Nf6 9. d3 Nc6 10. Qe1 O-O 11. Qh4 Bg4 12. h3 Bxf3 13. Bxf3 Nd4 14.
Bd1 e6 15. f5 Nd7 16. Bg5 Bf6 17. fxg6 fxg6 18. Bxf6 Rxf6 19. Rxf6 Qxf6 20. Qxf6 Nxf6 21. Ne2 Nd7 22. c3 Nxe2+ 23. Bxe2 Kf7 24. Kf2 Ke7 25. Ke3 Rc8 26. Rf1 b5 27. h4 h6 28. g4 g5 29.
hxg5 hxg5 30. Rh1 Nf6 31. Rh6 e5 32. Rg6 Rg8 33. Rh6 Kf7 34. d4 b4 35. dxe5 dxe5 36.
Bc4+ Kg7 37. Rxf6 1-0

[Event "*** Titled Tuesday Blitz"]
[Site "Chess.com"]
[Date "2020.05.05"]
[Round "1"]
[White "Zhuu96"]
[Black "nickmatta"]
[Result "1-0"]
[WhiteElo "2937"]
[BlackElo "2459"]
[TimeControl "180+1"]
[EndTime "10:05:00 PDT"]
[Termination "Zhuu96 won by resignation"]

1. Nf3 c5 2. c4 Nc6 3. Nc3 g6 4. e3 Nf6 5. d4 cxd4 6. exd4 d5 7.
cxd5 Nxd5 8. Bc4 e6 9. Bxd5 exd5 10.
O-O Bg7 11. Bg5 f6 12. Re1+ Kf7 13. Bh4 Bg4 14. Qb3 Na5 15. Qxd5+ Qxd5 16. Nxd5 Nc6 17. Nd2 Rad8 18. Ne3 Be6 19. Bg3 Nxd4 20. Ne4 b6 21. Rac1 Rd7 22. Nd6+ Ke7 23. Nd5+ 1-0

[Event "*** Titled Tuesday Blitz"]
[Site "Chess.com"]
[Date "2020.05.05"]
[Round "1"]
[White "JonahWillow"]
[Black "AsaHoffmann"]
[Result "0-1"]
[WhiteElo "2691"]
[BlackElo "2382"]
[TimeControl "180+1"]
[EndTime "10:05:02 PDT"]
[Termination "AsaHoffmann won by checkmate"]

1. e4 d6 2. d4 c6 3. Nc3 a6 4.
f4 d5 5. e5 h5 6. Nf3 Bg4 7. Be2 e6 8. O-O c5 9. Be3 Qc7 10. h3 Bxf3 11. Bxf3 g6 12. Ne2 cxd4 13. Nxd4 Nc6 14. c3 Nh6 15. Bf2 Nf5 16. Nxf5 gxf5 17. Bxh5 O-O-O 18. Bf3 Bh6 19. g3 Rdg8 20. Kh2 f6 21. Bd4 fxe5 22. fxe5 Nxe5 23. Rg1 Bg7 24. Kg2 Nxf3 25. Qxf3 Bxd4 26. cxd4 Qc2+ 27. Qf2 Rxg3+ 28.
Kxg3 Rg8+ 29. Kf3 Qe4# 0-1

[Event "*** Titled Tuesday Blitz"]
[Site "Chess.com"]
[Date "2020.05.05"]
[Round "1"]
[White "IMinTheWings"]
[Black "stolencandy13"]
[Result "0-1"]
[WhiteElo "2177"]
[BlackElo "2531"]
[TimeControl "180+1"]
[EndTime "10:05:02 PDT"]
[Termination "stolencandy13 won by checkmate"]

1. c4 f5 2. Nc3 Nf6 3. d4 e6 4. Qc2 Be7 5. e4 fxe4 6. Nxe4 O-O 7. Nf3 Nxe4 8. Qxe4 Bb4+ 9. Kd1 d5 10. Qc2 Nc6 11. c5 Rxf3 12. gxf3 Nxd4 13. Qd3 e5 14. f4 Bf5 15. fxe5 Bxd3 16. Bxd3 Qh4 17. Be3 Bxc5 18. Rg1 Qh5+ 19. Kc1 Ne2+ 20. Bxe2 Bxe3+ 21.
fxe3 Qxe2 22. a3 Qxe3+ 23. Kb1 Re8 24. Ka2 Qxe5 25. Rac1 c6 26. Rcf1 d4 27. Rg3 g6 28.
Rgf3 c5 29. Ka1 c4 30. Rf7 d3 31. Rxb7 Qe1+ 32. Rxe1 Rxe1+ 33. Ka2 d2 34. h4 d1=Q 35. h5 Qb1# 0-1

[Event "*** Titled Tuesday Blitz"]
[Site "Chess.com"]
[Date "2020.05.05"]
[Round "1"]
[White "pichonazo"]
[Black "IsaacWiebe"]
[Result "1-0"]
[WhiteElo "2513"]
[BlackElo "2134"]
[TimeControl "180+1"]
[EndTime "10:05:04 PDT"]
[Termination "pichonazo won by resignation"]

1. e4 e6 2. d4 d5 3. Nc3 Bb4 4.
Qd3 dxe4 5. Qxe4 Nf6 6. Qh4 b6 7. Bd3 Bb7 8. Nf3 Nbd7 9. Bg5 Be7 10. O-O-O h6 11. Ne5 O-O 12. Bxh6 gxh6 13. Qxh6 Re8 14.
Qg5+ Kf8 15. Rhe1 Bb4 16. Re3 Bxc3 17. bxc3 Nxe5 18. dxe5 Nd5 19. Qh6+ Ke7 20. Rf3 Rg8 21. c4 Qf8 22. Qh4+ Ke8 23. cxd5 Bxd5 24. Bb5+ c6 25. Rxd5 Qa3+ 26. Rxa3 1-0

[Event "*** Titled Tuesday Blitz"]
[Site "Chess.com"]
[Date "2020.05.05"]
[Round "1"]
[White "JessPinkman"]
[Black "mamonika"]
[Result "1-0"]
[WhiteElo "2479"]
[BlackElo "1967"]
[TimeControl "180+1"]
[EndTime "10:05:04 PDT"]
[Termination "JessPinkman won by resignation"]

1. e4 c5 2. Nf3 e6 3. d4 cxd4 4. Nxd4 Nc6 5. Qd3 Nf6 6. Nc3 a6 7. Nxc6 bxc6 8. Qg3 d5 9. Bd3 Bb4 10. e5 Nh5 11. Qg4 Bxc3+ 12. bxc3 g6 13. O-O Ng7 14. Bg5 h5 15. Qf4 Qc7 16. Bf6 O-O 17. Qh6 1-0

[Event "*** Titled Tuesday Blitz"]
[Site "Chess.com"]
[Date "2020.05.05"]
[Round "1"]
[White "nubair1198"]
[Black "zmeeed67"]
[Result "1-0"]
[WhiteElo "2762"]
[BlackElo "2397"]
[TimeControl "180+1"]
[EndTime "10:05:05 PDT"]
[Termination "nubair1198 won by resignation"]

1. d4 d5 2. c4 e6 3. Nc3 c6 4.
Nf3 Nf6 5. Bg5 dxc4 6. e4 b5 7. e5 h6 8. Bh4 g5 9. Nxg5 Nd5 10. Nxf7 Qxh4 11. Nxh8 Bb4 12. Qd2 c5 13. dxc5 Nc6 14. O-O-O Nxe5 15. Qd4 Qxd4 16. Rxd4 Nxc3 17. bxc3 Bxc3 18.
Rh4 Bb7 19. Kc2 Be1 20. Be2 Bxf2 21. Rxh6 Bxg2 22. Rd1 Be4+ 23. Kc3 Bxc5 24. Rxe6+ 1-0

[Event "*** Titled Tuesday Blitz"]
[Site "Chess.com"]
[Date "2020.05.05"]
[Round "1"]
[White "joppie2"]
[Black "cholzan"]
[Result "0-1"]
[WhiteElo "2871"]
[BlackElo "2468"]
[TimeControl "180+1"]
[EndTime "10:05:06 PDT"]
[Termination "cholzan won by resignation"]

1. e4 e6 2. d4 d5 3. Nc3 Bb4 4. e5 c5 5. a3 Bxc3+ 6. bxc3 Ne7 7. Qg4 Qc7 8. Qxg7 Rg8 9. Qxh7 cxd4 10. Qd3 dxc3 11. Ne2 Nbc6 12. Qxc3 Qxe5 13. Qxe5 Nxe5 14.
Ng3 Bd7 15. Nh5 O-O-O 16. Nf6 Rg6 17. Nxd7 Rxd7 18. Bb2 Nc4 19. Bxc4 dxc4 20. g3 Nd5 21. O-O-O c3 22. Ba1 Rg4 23. Rd3 Ra4 24. Bxc3 Rxa3 25.
Bb2 Rxd3 26. cxd3 Nb4 27. h4 Nxd3+ 28. Kc2 Nxf2 29. Rf1 Ne4 30. Be5 f5 31. Rh1 Rd2+ 32.
Kb3 Rd5 33. Bb2 Nxg3 34. Rg1 f4 35. Bc1 e5 0-1

[Event "*** Titled Tuesday Blitz"]
[Site "Chess.com"]
[Date "2020.05.05"]
[Round "1"]
[White "evgenyermolaev"]
[Black "Dr_Thomas_Quilter"]
[Result "1-0"]
[WhiteElo "2565"]
[BlackElo "2210"]
[TimeControl "180+1"]
[EndTime "10:05:09 PDT"]
[Termination "evgenyermolaev won on time"]

1. e4 e5 2. Nf3 Qe7 3. Nc3 c6 4. d4 d6 5. Bc4 Nf6 6. O-O h6 7. a4 Nbd7 8. a5 g5 9. b3 Bg7 10. Ba3 exd4 11. e5 Nxe5 12. Nxe5 O-O 13. Ng6 Qd8 14.
Nxf8 dxc3 15. Ng6 d5 16. Ne7+ Kh8 17. Nxc8 Rxc8 18. Bd3 d4 19. Qf3 c5 20. Qf5 Rc6 21. Bxc5 Qd5 22. Bxa7 Qxf5 23. Bxf5 Nd5 24. Be4 Rd6 25.
Bc5 Rd8 26. Bxd5 Rxd5 27. b4 f5 28. a6 bxa6 29. Rxa6 f4 30. Rd6 1-0

[Event "*** Titled Tuesday Blitz"]
[Site "Chess.com"]
[Date "2020.05.05"]
[Round "1"]
[White "francyIM"]
[Black "Lysiak_Poltorak"]
[Result "1-0"]
[WhiteElo "2653"]
[BlackElo "2328"]
[TimeControl "180+1"]
[EndTime "10:05:10 PDT"]
[Termination "francyIM won by resignation"]

1. d4 Nf6 2. c4 e6 3. Nc3 Bb4 4.
g3 O-O 5. Bg2 d6 6. Nf3 Qe7 7.
O-O Bxc3 8. bxc3 e5 9. Nd2 c6 10. e4 Be6 11. f4 Bg4 12. Qe1 exf4 13. gxf4 Nfd7 14. f5 Bh5 15. Qg3 f6 16. Rf4 c5 17.
Rh4 Bf7 18. a4 Nc6 19. a5 cxd4 20. cxd4 Nxd4 21. Qh3 h5 22. Bb2 Ne2+ 23. Kh1 Ne5 24. Qe3 Nxc4 25. Nxc4 Bxc4 26. Bf1 d5 27. Bxe2 Bxe2 28.
Qxe2 dxe4 29. Qxh5 Qb4 30. Rg1 1-0

[Event "*** Titled Tuesday Blitz"]
[Site "Chess.com"]
[Date "2020.05.05"]
[Round "1"]
[White "CyberneticLion"]
[Black "energie73"]
[Result "0-1"]
[WhiteElo "2603"]
[BlackElo "2316"]
[TimeControl "180+1"]
[EndTime "10:05:10 PDT"]
[Termination "energie73 won by checkmate"]

1. d4 f5 2. Nf3 Nf6 3. Bf4 g6 4. Nc3 Bg7 5. Qd2 O-O 6. O-O-O c5 7. dxc5 Qa5 8. Kb1 Qxc5 9. Bh6 Bxh6 10. Qxh6 Ng4 11.
Qh4 Qxf2 12. g3 Nc6 13. Ng5 h5 14. e4 Qc5 15. exf5 Rxf5 16. Bd3 Rxg5 17. Rhf1 Ne3 18. Ne4 Qe5 19. Nxg5 Nxd1 20. Bxg6 Qxb2# 0-1

[Event "*** Titled Tuesday Blitz"]
[Site "Chess.com"]
[Date "2020.05.05"]
[Round "1"]
[White "Aradej"]
[Black "julinha97"]
[Result "1-0"]
[WhiteElo "2525"]
[BlackElo "2160"]
[TimeControl "180+1"]
[EndTime "10:05:10 PDT"]
[Termination "Aradej won by resignation"]

1. e4 c5 2. Nf3 d6 3. d4 cxd4 4.
Qxd4 a6 5. c4 Nc6 6. Qd2 g6 7.
Nc3 Bh6 8. Qd1 Bg7 9. Be2 Nf6 10. h3 O-O 11. O-O Bd7 12. Bf4 Rc8 13. Rc1 Nh5 14.
Bh2 Bh6 15. Rb1 Nf4 16. Re1 Nxe2+ 17. Rxe2 Bg7 18. Nd5 e6 19. Ne3 Ne5 20. Nxe5 dxe5 21. Rd2 Rc7 22. b4 Qe7 23. Qb3 Bc6 24. f3 Bh6 25. c5 Rd7 26. Rxd7 Qxd7 27. Ng4 Qd4+ 28. Kh1 Bf4 29. Rd1 Ba4 30. Qxa4 Qb2 31. Qb3 Qe2 32. a4 h5 33. Nxe5 Bxh2 34. Kxh2 h4 35. Ng4 Kg7 36. Qd3 Qxd3 37. Rxd3 f5 38. exf5 exf5 39.
Ne5 Rf7 1-0

[Event "*** Titled Tuesday Blitz"]
[Site "Chess.com"]
[Date "2020.05.05"]
[Round "1"]
[White "DanielTitichoca"]
[Black "asms9699"]
[Result "0-1"]
[WhiteElo "2299"]
[BlackElo "2620"]
[TimeControl "180+1"]
[EndTime "10:05:11 PDT"]
[Termination "asms9699 won by resignation"]

1. e4 c5 2. Nf3 d6 3. d4 cxd4 4.
Nxd4 Nf6 5. Nc3 Nc6 6. Bg5 e6 7.
Qd2 a6 8. O-O-O Bd7 9. f3 Be7 10. g4 h5 11. gxh5 Rxh5 12. h4 Qc7 13. Be2 Rh8 14. f4 b5 15. Bf3 Rc8 16. Kb1 Na5 17. Qe2 Nc4 18. Rhe1 Nxb2 19. Nd5 Nxd5 20. exd5 Na4 21.
dxe6 Bxe6 22. Nxe6 fxe6 23. Qxe6 Qxc2+ 0-1

[Event "*** Titled Tuesday Blitz"]
[Site "Chess.com"]
[Date "2020.05.05"]
[Round "1"]
[White "anon132639"]
[Black "drinbet"]
[Result "1-0"]
[WhiteElo "2628"]
[BlackElo "2311"]
[TimeControl "180+1"]
[EndTime "10:05:15 PDT"]
[Termination "anon132639 won by resignation"]

1. d4 d6 2. Nf3 e5 3. dxe5 Nc6 4.
Bf4 Bg4 5. exd6 Qf6 6. Bd2 Bxd6 7. Bc3 Qg6 8. Nbd2 O-O-O 9. e3 Nb4 10. Bxb4 Bxb4 11.
Bd3 Bxf3 12. Bxg6 Bxd1 13. Bf5+ Kb8 14. Rxd1 Ne7 15. Be4 f5 16. Bf3 g6 17. c3 Bd6 18.
Ke2 Rhe8 19. Nc4 Ng8 20. Nxd6 Rxd6 21. Rxd6 cxd6 22. Rd1 Kc7 23. Rd4 Nf6 24. Ra4 a6 25. Rb4 b5 26. a4 Kb6 27. axb5 axb5 28. c4 Kc5 29. Rxb5+ Kxc4 30. Rb6 Kc5 31. Rc6+ Kb4 32. Rxd6 Ne4 33. Bxe4 fxe4 34. Rd7 Kb3 35. Rxh7 Kxb2 36. Rg7 Re6 37. g4 Kc3 38. g5 Kc4 39. Rd7 Re5 40.
h4 Re6 41. Kf1 Kc5 42. Kg2 Kc6 43. Rd4 Re8 44. Kg3 Kc5 45. Rd2 Rf8 46. Kg4 Rh8 47.
Rd4 Re8 48. h5 gxh5+ 49. Kxh5 Rf8 50. Rd2 Rf5 51. Kg6 Rf8 52. Kg7 Rf5 53. g6 1-0

[Event "*** Titled Tuesday Blitz"]
[Site "Chess.com"]
[Date "2020.05.05"]
[Round "1"]
[White "jfriedel"]
[Black "ZarinaShafigullina"]
[Result "1-0"]
[WhiteElo "2566"]
[BlackElo "2233"]
[TimeControl "180+1"]
[EndTime "10:05:17 PDT"]
[Termination "jfriedel won by resignation"]

1. d4 Nf6 2. c4 e6 3. Nc3 Bb4 4. Nf3 O-O 5. Bg5 d5 6. cxd5 exd5 7. e3 c6 8. Bd3 h6 9. Bh4 Re8 10. O-O Bg4 11. Qb3 Qe7 12. Ne5 Bc8 13. Rad1 Bd6 14.
f4 Nbd7 15. e4 dxe4 16. Nxe4 Bc7 17. Bc4 Rf8 18. Nxf6+ Nxf6 19. Ng6 Qe4 20. Nxf8 Bg4 21. Bxf6 Bxd1 22. Qxd1 gxf6 23. Nd7 Qf5 24. Qg4+ Qxg4 25. Nxf6+ Kg7 26. Nxg4 Bb6 27. Rd1 Rd8 28. Kf1 Bxd4 29. Ne5 b5 30. Nxc6 1-0

[Event "*** Titled Tuesday Blitz"]
[Site "Chess.com"]
[Date "2020.05.05"]
[Round "1"]
[White "Harut-1998"]
[Black "ahappypawn"]
[Result "1-0"]
[WhiteElo "2718"]
[BlackElo "2374"]
[TimeControl "180+1"]
[EndTime "10:05:18 PDT"]
[Termination "Harut-1998 won by resignation"]

1. d4 d5 2. Bf4 Nf6 3. e3 e6 4.
Nf3 Bd6 5. Bg3 c5 6. c3 Qc7 7. Nbd2 Nbd7 8. Be2 b6 9. O-O O-O 10. a3 e5 11. dxe5 Nxe5 12. Nxe5 Bxe5 13. Bxe5 Qxe5 14. Nf3 Qc7 15. Qa4 Bb7 16. Qh4 Rfe8 17. Rfe1 Re4 18. Qg3 Qe7 19. Bd3 Rg4 20. Qe5 Qd7 21. Bf5 Qd8 22.
Bxg4 Nxg4 23. Qf4 Nf6 24. Rad1 Qe7 25. Qe5 Qd7 26. c4 Re8 27. Qf4 Re4 28. Qb8+ Re8 29. Qxa7 d4 30. exd4 1-0

[Event "*** Titled Tuesday Blitz"]
[Site "Chess.com"]
[Date "2020.05.05"]
[Round "1"]
[White "MiroVlasenko"]
[Black "chiwii"]
[Result "1-0"]
[WhiteElo "2585"]
[BlackElo "2253"]
[TimeControl "180+1"]
[EndTime "10:05:18 PDT"]
[Termination "MiroVlasenko won by resignation"]

1. e4 c5 2. Nc3 e6 3. f4 Nc6 4.
Nf3 d6 5. Bb5 g6 6. O-O Bg7 7.
d3 Ne7 8. Qe1 O-O 9. a4 a6 10.
Bxc6 Nxc6 11. Be3 Nd4 12. Qf2 Nxf3+ 13. Qxf3 Rb8 14. Rae1 b5 15. axb5 axb5 16. Nd1 b4 17. b3 Ra8 18. Nf2 Ra2 19. Re2 Qa5 20. h4 Bb7 21. h5 d5 22. hxg6 hxg6 23. Nh3 Ra8 24. Ng5 dxe4 25. dxe4 Ba6 26. f5 Bxe2 27. Qxe2 exf5 28. Qc4 Qc7 29. exf5 Ra1 30. fxg6 Rxf1+ 31. Kxf1 Ra1+ 32. Ke2 Ra5 33. gxf7+ Kf8 34. Ne6+ 1-0

[Event "*** Titled Tuesday Blitz"]
[Site "Chess.com"]
[Date "2020.05.05"]
[Round "1"]
[White "Usurpov"]
[Black "Hikaru"]
[Result "0-1"]
[WhiteElo "2472"]
[BlackElo "3165"]
[TimeControl "180+1"]
[EndTime "10:05:22 PDT"]
[Termination "Hikaru won by resignation"]

1. e4 g6 2. d4 c6 3. Nc3 d5 4. e5 Bg7 5. f4 h5 6. Be3 Bg4 7. Nf3 Nh6 8. Bd3 Nf5 9. Bf2 e6 10.
h3 Bxf3 11. Qxf3 h4 12. Ne2 Nd7 13. O-O Bf8 14. b3 Be7 15. c4 Nb6 16. Rfc1 Kf8 17. c5 Nd7 18. b4 Rc8 19. a4 Kg7 20. b5 Qc7 21. Rcb1 b6 22. bxc6 Qxc6 23. Bb5 Qc7 24. Bxd7 Qxd7 25. cxb6 axb6 26. Rxb6 Rc2 27. Qd3 Qc7 28.
Rbb1 Rc4 29. a5 Ra8 30. a6 Qc8 31. Kh2 Rxa6 32. Rxa6 Qxa6 33. Rb2 Qa1 34. Qb1 Qxb1 35. Rxb1 Rc2 36. Re1 Bb4 0-1

[Event "*** Titled Tuesday Blitz"]
[Site "Chess.com"]
[Date "2020.05.05"]
[Round "1"]
[White "svilson23"]
[Black "KoustavChatterjee1"]
[Result "0-1"]
[WhiteElo "2238"]
[BlackElo "2569"]
[TimeControl "180+1"]
[EndTime "10:05:22 PDT"]
[Termination "KoustavChatterjee1 won by resignation"]

1. d4 Nf6 2. Bg5 d5 3. Bxf6 gxf6 4. c4 dxc4 5. e3 c5 6. Bxc4 cxd4 7. Nc3 Bg7 8. Nge2 Nc6 9. exd4 O-O 10. O-O f5 11. d5 Ne5 12. Bb3 Qd6 13. h3 Bd7 14. Ba4 Bxa4 15.
Qxa4 a6 16. Rad1 b5 17. Qb3 Nc4 18. Nd4 Qf4 19. Nce2 Qg5 20. Qd3 Ne5 21. Qd2 Qf6 22. a4 Nc4 23. Qb4 Nd6 24. axb5 axb5 25. Nc3 Rfc8 26.
Ncxb5 Rab8 27. Qa4 Rc4 28. Qa6 Nxb5 29. Nxb5 Qxa6 0-1